 Dungeon Crawl Stone Soup version 0.28.0-53-g5a82cb258f (webtiles) character file.

Game seed: 16488050485900542207

74 ChickenMitten the Shield-Bearer (level 4, 0/37 HPs)
             Began as a Formicid Fighter on July 31, 2022.
             Killed from afar by an orc wizard (1 damage)
             ... with a magic dart
             ... on level 2 of the Dungeon.
             The game lasted 00:02:51 (1196 turns).

ChickenMitten the Shield-Bearer (Formicid Fighter)  Turns: 1196, Time: 00:02:51

Health: 0/37       AC: 11    Str: 23    XL:     4   Next: 52%
Magic:  4/4        EV:  6    Int:  7    God:
Gold:   120        SH:  4    Dex: 10    Spells: 3/3 levels left

rFire   . . .      SeeInvis +   a - +0 war axe
rCold   . . .      Faith    .   c - +0 buckler
rNeg    . . .      Spirit   .   k - +0 plate armour
rPois   .          Reflect  .   (helmet unavailable)
rElec   .          Harm     .   (no cloak)
rCorr   .          Rampage  .   (no gloves)
Will    .....                   (no boots)
Stlth   ..........              (no amulet)
HPRegen 0.12/turn               (no ring)
MPRegen 0.09/turn               (no ring)

@: no status effects
A: permanent stasis, dig shafts and tunnels, antennae 3, four strong arms
a: Dig, Shaft Self


You were on level 2 of the Dungeon.
You visited 1 branch of the dungeon, and saw 2 of its levels.

You collected 120 gold pieces.

Inventory:

Hand Weapons
 a - a +0 war axe (weapon)
Armour
 b - a +0 scale mail
 c - a +0 buckler (worn)
 k - a +0 plate armour (worn)
Scrolls
 e - 2 scrolls of enchant armour {unknown}
 g - a scroll of teleportation {unknown}
 i - a scroll of summoning {unknown}
 j - a scroll of identify {unknown}
Potions
 d - a potion of might
 f - 3 potions of curing {unknown}
 h - a potion of heal wounds {unknown}


   Skills:
 * Level 3.7 Fighting
 * Level 3.3 Axes
 * Level 3.9 Armour
 * Level 4.0 Shields


You had 3 spell levels left.
You didn't know any spells.
Your spell library was empty.

Dungeon Overview and Level Annotations

Branches:
Dungeon (2/15)

Altars:


Innate Abilities, Weirdness & Mutations

You cannot be hasted, slowed, berserked, paralysed or teleported.
You can dig through walls and to a lower floor.
You have a pair of large antennae on your head. (SInv)
Your four strong arms can wield two-handed weapons with a shield.


Message History

You slash the orc priest!
The orc priest is severely wounded.
The orc priest barely misses you.
You hit the orc priest but do no damage.
The orc priest is severely wounded.
You barely miss the orc.
The orc priest invokes the aid of Beogh against you.
Beogh smites you!
The orc wizard gestures at you while chanting.
The puff of flame hits you! The orc priest barely misses you.
You completely miss the orc priest.
The orc priest is severely wounded.
You hit the orc. You block the orc's attack.
The orc priest hits you with a +0 mace!
* * * LOW HITPOINT WARNING * * *
The orc hits you but does no damage. The orc wizard casts a spell at you.
You resist with some effort.
You closely miss the orc wizard. You hit the orc.
You barely miss the orc priest. The orc priest hits you with a +0 mace.
* * * LOW HITPOINT WARNING * * *
The orc barely misses you.
The orc wizard hits you with a +0 dagger.
* * * LOW HITPOINT WARNING * * *
Unknown command.
You closely miss the orc wizard. You barely miss the orc.
You hit the orc priest. You slash the orc!
You kill the orc!
The orc priest hits you but does no damage.
The orc hits you but does no damage. The orc wizard casts a spell at you.
The puff of flame hits you.
* * * LOW HITPOINT WARNING * * *
You block the orc priest's attack. You block the orc's attack.
You closely miss the orc wizard. You closely miss the orc priest.
You hit the orc.
You kill the orc!
The orc wizard gestures at you while chanting.
The magic dart hits you.
You die...

### ######## #.. ......#
#.# #.....## #.#
#.......
########.####.....#
................o)####.#
########.####.#.@o......
# #.###..(#)#####.. #
#.....#...# ####
#####...### ...# ##.##
##.##########.#
##............#
....########### .##.#


You could see an orc priest and an orc wizard.

Vanquished Creatures
  2 adders (D:2)
  A worm (D:2)
  A dart slug (D:1)
  3 orcs (D:2)
  7 endoplasms
  A giant cockroach (D:2)
  2 hobgoblins
  4 jackals (D:1)
  2 quokkas
  4 ball pythons (D:1)
  3 bats (D:1)
  5 frilled lizards
  7 goblins
  5 kobolds (D:1)
  A rat (D:1)
48 creatures vanquished.

Notes
Turn   | Place    | Note
-------+----------+-------------------------------------------
     0 | D:1      | ChickenMitten the Formicid Fighter began the quest for the
                  | Orb.
     0 | D:1      | Reached XP level 1. HP: 18/18 MP: 1/1
    49 | D:1      | Reached XP level 2. HP: 17/24 MP: 2/2
   334 | D:1      | Reached XP level 3. HP: 29/29 MP: 3/3
   941 | D:2      | Reached XP level 4. HP: 32/35 MP: 4/4
   986 | D:2      | Reached skill level 4 in Shields
  1195 | D:2      | HP: 1/37 [orc wizard/puff of flame (3)]
  1196 | D:2      | Killed from afar by an orc wizard

Illustrated notes

Levels and vault maps discovered:
D:1:      tarquinn_simple_flora_water_e, layout_rooms, minmay_misc_feat_plants
D:2:      layout_loops_ring, serial_shops, nicolae_shop_waterfront

Skill      XL: |  1  2  3  4 |
---------------+-------------+-----
Axes           | 3 |  3.3
Shields        | 4 |  4.0
Fighting       | |  3.7
Armour         | |  3.9

Action                   |  1- 3 |  4- 6 || total
-------------------------+-------+-------++-------
Melee: War axe           |    93 |    29 ||   122
Armor: Scale mail        |    25 |       ||    25
       Plate armour      |    17 |    17 ||    34
Dodge: Dodged            |    48 |    13 ||    61
Block: Buckler           |    19 |     6 ||    25
